 Dungeon Crawl Stone Soup version 0.30-a0-881-g1ff12e1e11 (webtiles) character file.

Game seed: 10969808527728200884

443 testman the Chopper (level 6, -7/58 HPs)
             Began as a Minotaur Berserker on Mar 14, 2023.
             Was a Priest of Trog.
             Killed from afar by Sigmund (18 damage)
             ... with a bolt of light
             ... on level 4 of the Dungeon.
             The game lasted 00:06:41 (3420 turns).

testman the Chopper (Minotaur Berserker)            Turns: 3420, Time: 00:06:42

Health: -7/58      AC:  7    Str: 23    XL:     6   Next: 71%
Magic:  5/5        EV: 11    Int:  4    God:    Trog [***...]
Gold:   101        SH:  0    Dex: 10    Spells: 5/5 levels left

rFire   . . .      SeeInvis .    a - +0 hand axe
rCold   . . .      Faith    .    (no shield)
rNeg    . . .      Spirit   .    p - +0 ring mail
rPois   .          Reflect  .    (helmet restricted)
rElec   .          Rampage  .    (no cloak)
rCorr   .                        f - +1 pair of gloves
Will    +....                    (no boots) Stlth
                                 (no amulet)
HPRegen 0.29/turn                e - ring of willpower
MPRegen 0.09/turn                (no ring)

@: no status effects
A: horns 2, retaliatory headbutt
a: Renounce Religion, Berserk, Trog's Hand


You were on level 4 of the Dungeon.
You worshipped Trog.
Trog was most pleased with you.
You visited 1 branch of the dungeon, and saw 4 of its levels.

You collected 101 gold pieces.

Inventory:

Hand Weapons
 a - a +0 hand axe (weapon)
Missiles
 m - 2 javelins
 o - 2 boomerangs
 t - 3 curare-tipped darts
 u - 5 poisoned darts (quivered)
Armour
 b - a +0 animal skin
 f - a +1 pair of gloves (worn)
 p - a +0 ring mail (worn)
Jewellery
 e - a ring of willpower (left hand)
Scrolls
 h - a scroll of fear {unknown}
 k - a scroll of noise {unknown}
 l - a scroll of magic mapping {unknown}
 n - a scroll of blinking {unknown}
 q - 2 scrolls of enchant armour {unknown}
 r - a scroll of identify {unknown}
 v - a scroll of teleportation {unknown}
Potions
 c - a potion of attraction {unknown}
 d - 2 potions of haste {unknown}
 g - 5 potions of curing {unknown}
 i - a potion of invisibility {unknown}
 j - 2 potions of lignification {unknown}
 s - a potion of heal wounds {unknown}


   Skills:
 + Level 6.4 Fighting
 + Level 6.4 Axes
 - Level 3.4 Armour
 - Level 3.2 Dodging


You had 5 spell levels left.
You didn't know any spells.
Your spell library contained the following spells:

 Spells                   Type           Power      Damage    Failure   Level
 Animate Dead             Necr           0%         N/A       100%        4
 Borgnjor's Vile Clutch   Necr/Erth      0%         N/A       100%        5
 Death Channel            Necr           0%         N/A       100%        6


Dungeon Overview and Level Annotations

Branches:
Dungeon (4/15)             Temple (0/1) D:4

Altars:

Shops:
D:2 ((:   D:3 (

Annotations:
D:4 Sigmund


Innate Abilities, Weirdness & Mutations

You have a pair of horns on your head.
You reflexively headbutt those who attack you in melee.


Message History

You slash the howler monkey!
You kill the howler monkey!
Trog accepts your kill. The orc barely misses you. The orc barely misses you.
Items here: ( )))) [[ †.
You barely miss the orc. The orc hits you but does no damage.
You hit the orc.
The orc is lightly wounded.
The orc hits you with a +0 trident!
You closely miss the orc. You headbutt the orc, but do no damage.
The orc is lightly wounded.
The orc hits you but does no damage.
You hit the orc but do no damage.
The orc is lightly wounded.
The orc hits you with a +0 trident.
You closely miss the orc. You headbutt the orc, but do no damage.
The orc is lightly wounded.
The orc hits you with a +0 trident.
You are too injured to fight recklessly!
You are too injured to fight recklessly!
You are too injured to fight recklessly!
You hit the orc but do no damage. Your headbutt misses the orc.
The orc is lightly wounded.
The orc hits you with a +0 trident!
You hit the orc. Your punch misses the orc.
The orc is heavily wounded.
The orc hits you with a +0 trident.
* * * LOW HITPOINT WARNING * * *
Something hits you.
* * * LOW HITPOINT WARNING * * *
You barely miss the orc.
The orc is heavily wounded.
The orc closely misses you.
You hear a zap.
A bolt of light appears from out of thin air!
The bolt of light hits the orc.
The orc dies!
The bolt of light hits you!!
You die...

≈≈≈≈≈≈≈≈≈≈~~~~~
≈≈≈≈≈≈≈≈≈≈~~~~♣
≈≈≈≈≈≈≈≈≈≈≈~~P~~
≈≈≈≈≈≈≈≈≈~~~♣~~~
≈≈≈≈≈≈≈≈≈≈~~~P~♣ .
≈≈≈≈≈≈≈≈≈~P♣~~~♣♣ ..
~~≈≈~~~♣~~♣P~~~~# #.##.
~~~~♣~~~~~~♣♣♣♣~##{o....
♣~~♣♣~P♣~♣♣~~...@)#
~♣~~~~♣♣~.......).+
##................#
#.......##########
#.......# #.......#
#.......# #.......#
######### ###


You could see an orc.

Vanquished Creatures
  An ogre (D:4)
  A phantom (D:3)
  The ghost of pigah the Gusty, an amateur OpWn (D:3)
  A howler monkey (D:4)
  An iguana (D:4)
  5 adders
  A dart slug (D:1)
  10 orcs
  7 bats
  4 endoplasms
  4 giant cockroaches
  5 goblins
  6 hobgoblins
  5 jackals
  5 quokkas
  11 ball pythons
  3 frilled lizards
  15 kobolds
  5 rats (D:1)
91 creatures vanquished.

Vanquished Creatures (others)
  An orc (D:4)
  8 plants (D:4)
9 creatures vanquished.

Grand Total: 100 creatures vanquished

Notes
Turn   | Place    | Note
-------+----------+-------------------------------------------
     0 | D:1      | testman the Minotaur Berserker began the quest for the Orb.
     0 | D:1      | Reached XP level 1. HP: 19/19 MP: 0/0
   158 | D:1      | Found a faded altar of an unknown god.
   188 | D:1      | Reached XP level 2. HP: 26/27 MP: 1/1
   625 | D:1      | Reached XP level 3. HP: 33/33 MP: 2/2
   713 | D:1      | Reached ** piety under Trog
  1070 | D:2      | Found Wemojewk's Antique Weapon Shoppe.
  1350 | D:2      | Found Muukun's Book Shop.
  1772 | D:2      | Reached XP level 4. HP: 37/41 MP: 3/3
  1855 | D:2      | Found Ecae's Antique Weapon Shoppe.
  2101 | D:3      | Found a runed translucent door.
  2101 | D:3      | Noticed pigah's ghost (amateur OpWn)
  2423 | D:3      | Found Ylote's Weapon Shop.
  2535 | D:3      | Noticed a phantom
  2546 | D:3      | Killed a phantom
  2547 | D:3      | Reached skill level 5 in Fighting
  2547 | D:3      | Reached skill level 5 in Axes
  2547 | D:3      | Reached XP level 5. HP: 39/48 MP: 4/4
  2763 | D:3      | Killed pigah's ghost
  2821 | D:4      | Found a staircase to the Ecumenical Temple.
  2830 | D:4      | Reached XP level 6. HP: 57/57 MP: 5/5
  2929 | D:4      | Reached *** piety under Trog
  3403 | D:4      | Noticed Sigmund
  3420 | D:4      | Killed from afar by Sigmund

Illustrated notes

Levels and vault maps discovered:
D:1:      wheals_arrival_linesprint, layout_loops_ring,
          ebering_ecumenical_altar_box, minmay_3d_cube
D:2:      layout_basic, serial_shops, shop, shop, shop, minmay_diced_spiral
D:3:      layout_loops_ring, serial_shops, shop, gammafunk_ghost_grave
D:4:      layout_basic, slow_altar_2, minmay_temple_entry_purple_smoke,
          serial_bayou, serial_bayou_lake_a, serial_bayou_crossing,
          serial_bayou_pond_b, uniq_sigmund

Skill      XL: |  1  2  3  4  5  6 |
---------------+-------------------+-----
Axes           | 4 5 6 |  6.4
Fighting       | 4 5 6 |  6.4
Armour         | 3 |  3.4
Dodging        | 3 |  3.2

Action                     |  1- 3 |  4- 6 || total
---------------------------+-------+-------++-------
  Melee: Hand axe          |    96 |   139 ||   235
         Headbutt          |     9 |    23 ||    32
         Punch             |     1 |     2 ||     3
   Stab: Sleeping          |     2 |       ||     2
 Armour: Animal skin       |    17 |     9 ||    26
         Ring mail         |       |    34 ||    34
  Dodge: Dodged            |    61 |    78 ||   139

Table legend: (Time is in decaauts)
 A = Elapsed time spent in this place.
 B = Non-inter-level travel time spent in this place.
 C = Inter-level travel time spent in this place.
 D = Time resting spent in this place.
 E = Time spent auto-exploring this place.
 F = Levels seen in this place.
 G = Mean time per level.
                   A        B        C        D        E       F      G
               +--------+--------+--------+--------+--------+-----+--------+
         Total |   3450 |   3288 |    162 |      0 |   2754 |   4 |  862.5 |
       Dungeon |   3450 |   3288 |    162 |      0 |   2754 |   4 |  862.5 |
               +--------+--------+--------+--------+--------+-----+--------+

Top non-repeatable levels by time:
     D:1: 1018 daAuts
     D:2: 963 daAuts
     D:3: 852 daAuts
     D:4: 615 daAuts
